Description

What herO does with this build is to put a lot of pressure on the terran, kill the CC building SCV, the reaper is forced back by the probe and the zealot and killed by the mothershipcore, the reactor at the front is also destroyed by the photon overcharge, as are two supply depots. The oracles get in the mineral line and kill 7 SCVs. Meanwhile herO is expanding and the pressure ends when the CC is forced to be canceled there are 2 vikings out, forcing the air units back. After the four oracles herO also tries to get a pheonix but that is canceled by Innovation destroying the powering pylon. The game ends when a failed desperate attack comes in from the terran. Zealots and Stalkers warped in back home with the mothership, adepts that survived and oracles should be able to shut that down.

VOD

https://youtu.be/9DpFrmdyarU?t=28m31s

Build Order

Why is there no SALT encoding or Overwolf build?

  13  0:12  Pylon  
  15  0:33  Gateway  
  16  0:44  Assimilator  probe sent to proxy location
  17  0:52  Assimilator  
  20  1:20  Cybernetics Core  
  20  1:21  Zealot (Chrono Boost)  
  22  1:32  Pylon  at proxy location
  25  1:58  Mothership Core (Chrono Boost), Stargate  probe goes to opponent's natural to attack building SCV
  25  2:02  Adept  zealot to natural as well
  28  2:23  Pylon  at terran's ramp
  28  2:25  Pylon  at terran's ramp
  28  2:41  Oracle (Chrono Boost)  
  30  2:48  Adept  
  33  2:53  Warp Gate  
  33  3:13  Oracle (Chrono Boost)  
  35  3:37  Nexus  
  35  3:45  Oracle (Chrono Boost)  
  39  3:52  Pylon   as pylons at ramp are attacked
  43  4:28  Gateway x2  
    5:20  Assimilator x2  
    5:22  Robotics Facility  
    5:30  Zealot x3  
    5:57  Stalker x3  
    5:03  Stalker  
Spawning Tool Build Advisor. Get it on Overwolf

Go to:

Details

  • Created by: dude215p
  • Published on: Aug 07, 2017
  • Modified on: Aug 07, 2017
  • Patch: 3.15.0
Show

Export as new Build Order

Comments (0)

There are no comments. Be the first!

Create an account to comment!